Map: Catalyst LE

Players

Stephano

  • Race: Zerg Zerg
  • League: Grandmaster
  • Spawn Location: 11:00

Namshar - Winner!

  • Race: Zerg Zerg
  • League: Master
  • Spawn Location: 5:00

Event: WESG Barcelona European Finals 2017

VOD

Have the link to the VOD?

Description

Time

  • Played on: Nov. 23, 2017, 6:59 a.m.
  • Length: 16:04

All games in this series

Show
View Real Time Build Order
Export as new Build Order

Stephano Zerg 

Build Orders: Hatch First 

Get SALT Encoding   

  12  0:00  Drone  
  13  0:13  Overlord  
  13  0:17  Drone  
  14  0:31  Drone  
  14  0:32  Drone  
  17  0:35  Drone  
  17  0:53  Hatchery  
  17  0:55  Drone  
  17  0:58  Drone  
  18  1:09  Extractor  
  17  1:13  Spawning Pool  
  17  1:16  Drone  
  17  1:19  Drone  
  18  1:30  Drone  
  19  1:40  Overlord  
  19  2:00  Queen  
  19  2:01  Zergling x4  
  22  2:04  Queen, Overlord  
  25  2:09  Metabolic Boost  
  25  2:14  Drone  
  26  2:19  Drone  
  27  2:23  Drone  
  27  2:29  Drone  
  29  2:35  Drone  
  30  2:43  Hatchery  
  29  2:50  Baneling Nest  
  28  2:54  Drone  
  28  2:55  Drone  
  30  2:58  Drone x2  
  32  3:07  Zergling x6  
  32  3:09  Drone  
  32  3:11  Drone  
  37  3:14  Drone  
  37  3:16  Zergling x2  
  39  3:21  Drone  
  39  3:24  Zergling x4  
  42  3:27  Overlord  
  42  3:34  Baneling  
  42  3:35  Baneling x2  
  42  3:38  Drone  
  42  3:40  Drone  
  44  3:43  Baneling  
  44  3:45  Overlord  
  44  3:46  Drone  
  44  3:48  Drone x2  
  47  3:54  Drone  
  47  3:58  Drone  
  47  4:00  Drone  
  47  4:01  Overlord x2  
  48  4:03  Drone  
  48  4:12  Overlord  
  48  4:15  Drone  
  48  4:16  Drone  
  48  4:18  Extractor  
  48  4:19  Queen  
  48  4:20  Drone  
  48  4:24  Zergling x4  
  52  4:27  Roach Warren  
  52  4:30  Baneling x2  
  51  4:33  Drone x2  
  51  4:34  Drone  
  54  4:39  Extractor  
  54  4:40  Zergling x2  
  54  4:41  Evolution Chamber  
  54  4:45  Zergling x4  
  55  4:51  Drone  
  55  4:53  Drone x3  
  55  4:54  Drone  
  55  4:56  Drone x2  
  61  5:05  Baneling x2  
  61  5:06  Drone x2  
  63  5:07  Zerg Missile Weapons Level 1, Drone, Overlord  
  63  5:08  Drone  
  63  5:13  Drone  
  66  5:20  Overlord  
  66  5:21  Roach  
  66  5:22  Roach x4  
  66  5:26  Roach x2  
  80  5:29  Overlord  
  80  5:34  Overlord  
  80  5:36  Drone x2  
  81  5:45  Drone x4  
  81  5:46  Lair, Drone  
  81  5:48  Overlord  
  83  5:53  Drone x3  
  83  5:54  Drone x2  
  83  5:55  Extractor  
  83  5:56  Extractor  
  85  6:01  Overlord  
  85  6:03  Roach x2  
  88  6:12  Roach x3  
  94  6:19  Roach  
  94  6:21  Drone x2  
  94  6:25  Hatchery  
  97  6:29  Roach  
  97  6:30  Roach x2  
  103  6:39  Roach x6  
  119  6:40  Roach x2  
  119  6:45  Overlord  
  119  6:50  Glial Reconstitution  
  119  6:51  Drone x3  
  119  6:53  Extractor  
  121  6:55  Overlord  
  121  6:57  Roach x2  
  121  7:00  Roach x2  
  129  7:01  Overlord  
  129  7:05  Overlord  
  129  7:06  Zerg Missile Weapons Level 2  
  129  7:11  Roach x4  
  129  7:13  Overlord x2  
  137  7:16  Overlord  
  137  7:23  Overlord  
  137  7:24  Overlord  
  137  7:25  Roach x2  
  137  7:26  Roach x2  
  145  7:30  Roach x2  
  145  7:33  Roach x2  
  153  7:41  Roach x5  
  163  7:46  Overlord  
  163  7:49  Roach  
  163  7:50  Roach  
  167  7:58  Roach x5  
  177  8:02  Roach x2  
  175  8:07  Roach x3  
  175  8:08  Tunneling Claws  
  169  8:18  Roach x6  
  163  8:23  Roach  
  163  8:24  Roach x2  
  153  8:28  Roach x2  
  153  8:29  Roach  
  153  8:32  Roach x2  
  153  8:36  Roach x2  
  153  8:41  Roach x3  
  157  8:47  Burrow  
  157  8:48  Roach x2  
  157  8:52  Roach x2  
  157  8:54  Roach x2  
  165  8:59  Roach x2  
  165  9:00  Ravager x2  
  171  9:05  Drone x3  
  171  9:07  Overseer  
  174  9:18  Roach  
  174  9:19  Roach x5  
  174  9:27  Roach  
  174  9:28  Roach x5  
  174  9:31  Roach x3  
  164  9:33  Roach  
  164  9:34  Roach  
  164  9:37  Roach x2  
  168  9:42  Roach x2  
  168  9:44  Roach x2  
  174  9:45  Roach  
  174  9:49  Roach  
  174  9:52  Zerg Ground Armor Level 1  
  176  9:55  Spine Crawler  
  176  9:58  Roach x3  
  181  10:09  Ravager x4  
  181  10:10  Roach x6  
  181  10:13  Overseer  
  197  10:17  Spine Crawler, Pneumatized Carapace  
  197  10:20  Roach, Extractor  
  195  10:21  Roach x2  
  195  10:22  Roach x2  
  195  10:27  Spine Crawler x2  
  197  10:28  Roach  
  197  10:29  Spine Crawler, Roach x2  
  197  10:35  Roach x2  
  196  10:36  Roach  
  196  10:37  Roach  
  196  10:38  Roach  
  200  10:49  Roach x5  
  192  10:53  Roach  
  192  10:54  Roach x2  
  192  10:56  Roach x15  
  188  11:01  Roach  
  188  11:02  Roach x2  
  188  11:06  Roach  
  188  11:07  Roach x4  
  186  11:11  Roach x3  
  186  11:13  Roach x2  
  190  11:24  Roach x3  
  190  11:25  Roach  
  190  11:27  Overlord  
  190  11:30  Roach x5  
  190  11:31  Roach x6  
  184  11:46  Roach x26  
  180  11:48  Roach x10  
  180  11:53  Zerg Ground Armor Level 2  
  200  11:56  Infestation Pit  
  200  11:57  Roach x2  
  200  11:58  Roach x2  
  199  12:07  Roach x5  
  189  12:15  Roach x2  
  175  12:16  Roach x11  
  173  12:24  Roach x3  
  173  12:25  Roach x7  
  179  12:32  Roach x3  
  179  12:33  Hive  
  179  12:36  Evolution Chamber  
  178  12:43  Roach x4  
  166  12:47  Roach x3  
  158  12:59  Roach x7  
  158  13:04  Roach x4  
  178  13:07  Spine Crawler, Extractor  
  178  13:09  Drone  
  178  13:10  Drone  
  178  13:13  Drone, Roach  
  178  13:14  Drone x3  
  178  13:16  Ravager  
  178  13:17  Ravager x4  
  178  13:18  Overseer  
  187  13:28  Roach x6  
  175  13:42  Roach  
  175  13:43  Roach x8  
  175  13:48  Roach x3  
  157  13:59  Roach x4  
  149  14:07  Roach x2  
  140  14:12  Roach  
  140  14:13  Roach x4  
  125  14:21  Drone x10  
  125  14:23  Roach  
  125  14:24  Roach x2  
  119  14:30  Roach x2  
  119  14:31  Roach x3  
  122  14:37  Roach x2  
  124  14:46  Ravager x4  
  124  14:47  Ravager x3  
  124  14:51  Overseer x2  
  129  14:54  Overlord  
  129  14:57  Roach  
  131  15:02  Roach x2  
  135  15:09  Roach x2  
  130  15:22  Roach  
  130  15:23  Roach x4  
  130  15:26  Roach x2  
  140  15:30  Overseer x2  
  140  15:32  Roach x2  
  132  15:39  Roach x2  
Show
View Real Time Build Order
Export as new Build Order

Namshar Zerg - Winner!

Build Orders: Hatch First, Lurkers 

Get SALT Encoding   

  12  0:00  Drone  
  13  0:12  Overlord  
  13  0:17  Drone  
  14  0:30  Drone x2  
  14  0:34  Drone  
  17  0:51  Hatchery  
  17  0:54  Drone  
  17  0:58  Drone  
  18  1:08  Extractor  
  17  1:13  Spawning Pool  
  17  1:15  Drone  
  17  1:18  Drone  
  18  1:27  Drone  
  19  1:38  Overlord  
  19  1:59  Queen  
  19  2:00  Zergling x4  
  23  2:03  Queen, Drone  
  23  2:07  Metabolic Boost  
  26  2:11  Drone  
  26  2:14  Drone  
  28  2:21  Drone  
  29  2:25  Drone  
  29  2:27  Baneling Nest  
  29  2:32  Zergling x2  
  29  2:36  Drone  
  31  2:48  Hatchery  
  31  2:49  Drone  
  31  2:56  Overlord  
  31  3:05  Drone x3  
  33  3:08  Zergling x2  
  33  3:11  Drone x2  
  36  3:18  Drone x2  
  38  3:22  Overlord  
  38  3:23  Zergling x2  
  38  3:25  Drone  
  38  3:26  Drone  
  41  3:30  Baneling x2  
  41  3:32  Zergling x2  
  42  3:35  Queen  
  44  3:43  Zergling x4  
  44  3:44  Zergling x2  
  47  3:49  Baneling x2  
  47  3:51  Drone  
  47  3:52  Drone  
  47  3:53  Zergling x4  
  51  3:58  Baneling  
  50  4:08  Roach Warren, Extractor  
  48  4:16  Drone  
  45  4:17  Drone x3  
  45  4:19  Drone x2  
  45  4:20  Drone  
  45  4:22  Overlord x2  
  51  4:28  Drone, Overlord  
  51  4:29  Evolution Chamber  
  50  4:41  Extractor  
  50  4:42  Drone x2  
  50  4:43  Drone, Overlord  
  52  4:48  Roach  
  52  4:49  Roach x4  
  60  5:01  Drone  
  60  5:02  Drone x7  
  60  5:06  Zerg Missile Weapons Level 1  
  67  5:08  Zergling x2  
  67  5:11  Lair  
  68  5:17  Drone x2  
  68  5:18  Drone  
  71  5:22  Ravager  
  69  5:31  Overlord  
  69  5:32  Overlord  
  69  5:33  Drone x2  
  69  5:34  Drone x2  
  69  5:35  Roach x2  
  76  5:49  Roach x6  
  88  5:54  Drone  
  88  5:57  Drone  
  88  5:58  Drone x2  
  88  5:59  Zergling x2  
  88  6:00  Extractor  
  88  6:01  Extractor  
  89  6:04  Drone x3  
  92  6:13  Drone x3  
  92  6:14  Glial Reconstitution  
  92  6:17  Drone  
  96  6:19  Evolution Chamber  
  96  6:23  Hatchery  
  94  6:30  Overseer  
  94  6:31  Overlord x2  
  95  6:32  Drone  
  95  6:33  Extractor  
  95  6:34  Drone x3  
  95  6:35  Drone  
  95  6:36  Ravager  
  95  6:37  Ravager x3  
  95  6:39  Overlord  
  102  6:40  Overlord x3  
  102  6:45  Roach  
  102  6:46  Roach  
  105  6:50  Roach x5  
  115  6:57  Overlord  
  115  6:58  Overlord  
  115  7:00  Roach  
  117  7:06  Zerg Missile Weapons Level 2, Zerg Ground Armor Level 1  
  117  7:10  Overlord  
  117  7:12  Roach x3  
  117  7:13  Roach x2  
  127  7:26  Roach x5  
  137  7:34  Overlord  
  137  7:37  Roach x8  
  153  7:47  Overseer, Pneumatized Carapace  
  153  7:50  Roach x5  
  163  7:53  Queen  
  165  7:59  Drone  
  165  8:01  Hydralisk Den  
  165  8:05  Roach x6  
  159  8:19  Roach x6  
  160  8:20  Roach x2  
  147  8:34  Drone x6  
  144  8:42  Drone x2  
  144  8:43  Drone x2  
  148  8:53  Roach x10  
  168  9:01  Roach x3  
  174  9:05  Muscular Augments  
  174  9:08  Lurker Den  
  173  9:10  Drone  
  174  9:18  Roach x5  
  176  9:27  Roach  
  176  9:28  Roach x4  
  176  9:30  Drone x2  
  174  9:33  Overseer  
  171  9:40  Spine Crawler  
  171  9:41  Spine Crawler  
  167  9:54  Hydralisk x2, Roach x6  
  167  9:57  Overlord  
  183  10:01  Queen  
  185  10:10  Zerg Ground Armor Level 2  
  185  10:15  Ravager x2  
  185  10:16  Hydralisk x3  
  185  10:18  Hydralisk  
  195  10:22  Drone x2  
  195  10:25  Drone x2  
  195  10:27  Drone  
  200  10:36  Overlord x2  
  192  10:57  Lurker  
  192  10:58  Lurker  
  192  11:03  Hydralisk x2  
  192  11:04  Hydralisk, Roach  
  186  11:05  Roach x5  
  196  11:12  Drone  
  196  11:13  Drone x2  
  196  11:14  Drone x2  
  186  11:26  Lurker x2  
  186  11:28  Hydralisk  
  186  11:29  Hydralisk x7  
  186  11:32  Drone  
  194  11:33  Drone x5  
  190  11:43  Drone x2  
  190  11:44  Drone x2  
  195  11:47  Lurker x2  
  196  11:56  Hydralisk x2  
  196  12:00  Infestation Pit  
  187  12:18  Hydralisk x3  
  187  12:19  Roach x2  
  189  12:29  Hydralisk  
  181  12:30  Roach x4  
  181  12:31  Roach  
  184  12:44  Drone x4  
  184  12:48  Drone  
  184  12:49  Drone x3  
  184  12:51  Ravager x2  
  185  12:53  Ravager  
  185  12:57  Hydralisk x3  
  185  12:58  Queen, Roach  
  190  13:00  Queen x2, Spine Crawler x2  
  190  13:04  Hydralisk  
  194  13:12  Hive  
  192  13:18  Spine Crawler  
  191  13:23  Lurker x3  
  194  13:27  Spine Crawler  
  194  13:28  Hydralisk, Unknown  
  194  13:29  Roach, Unknown x2  
  175  13:50  Hydralisk  
  175  13:51  Roach  
  175  13:52  Roach x12  
  176  14:04  Hydralisk  
  176  14:05  Roach x3  
  176  14:06  Roach  
  154  14:34  Drone x3  
  149  14:44  Roach x9  
  161  14:57  Hydralisk, Roach  
  161  14:58  Roach x4  
  173  15:11  Hydralisk  
  173  15:12  Roach x5  
  178  15:24  Hydralisk  
  178  15:25  Roach x3  
  178  15:26  Roach x2  
  183  15:39  Hydralisk  
  183  15:40  Roach x5  
  181  15:45  Roach  
  173  15:54  Lurker  
Tags
 
Add a new tag
Caveats
  • Supply blocks, unpowered buildings, or Contaminate may cause inaccurate times.
  • Supply counts are checked every 10 seconds.